Map: Ley Lines

Players

HSIUNG

  • Race: Protoss Protoss
  • League: Diamond
  • Spawn Location: 1:00

KimChiLoVer - Winner!

  • Race: Terran Terran
  • League: Diamond
  • Spawn Location: 7:00

VOD

Have the link to the VOD?

Description

Time

  • Played on: Sept. 6, 2025, 2:41 p.m.
  • Length: 6:48
Show
View Real Time Build Order
Export as new Build Order

HSIUNG Protoss 

Build Orders: Oracle Opening 

Get SALT Encoding   

  12  0:01  Probe  
  13  0:13  Probe  
  14  0:18  Pylon  
  14  0:25  Probe  
  15  0:33  Probe  
  15  0:40  Gateway  
  15  0:41  Probe  
  17  0:51  Probe  
  17  0:54  Assimilator  
  18  1:03  Probe  
  19  1:16  Probe  
  20  1:30  Cybernetics Core, Zealot  
  22  1:33  Pylon  
  22  1:49  Assimilator  
  22  1:55  Stalker  
  22  1:58  Nexus  
  24  2:08  Warp Gate  
  24  2:16  Pylon  
  24  2:22  Probe  
  25  2:34  Probe  
  25  2:35  Shield Battery  
  26  2:44  Stargate  
  26  2:47  Probe  
  27  2:54  Stalker  
  29  3:05  Gateway  
  29  3:18  Probe, Oracle  
  30  3:30  Probe  
  34  3:39  Gateway  
  34  3:42  Probe  
  34  3:48  Gateway  
  35  3:54  Probe  
  36  3:57  Probe  
  36  4:01  Stalker  
  39  4:04  Sentry  
  41  4:16  Pylon  
  38  4:27  Stalker x2  
  45  4:39  Probe x2  
  47  4:47  Zealot, Phoenix  
  47  4:51  Probe x2  
  46  4:56  Stalker  
  50  5:02  Stalker x2  
  52  5:10  Pylon  
  52  5:16  Zealot  
  52  5:17  Phoenix  
  54  5:32  Zealot  
  54  5:33  Zealot x2  
  48  5:41  Zealot  
  46  5:50  Phoenix  
  46  5:56  Zealot x2  
  46  5:57  Zealot  
  41  6:04  Zealot  
  41  6:17  Stalker x2  
  40  6:25  Stalker  
  40  6:29  Zealot  
Show
View Real Time Build Order
Export as new Build Order

KimChiLoVer Terran - Winner!

Build Orders: Cyclone Opening 

Get SALT Encoding   

  12  0:00  SCV  
  13  0:12  SCV  
  14  0:16  Supply Depot  
  14  0:24  SCV  
  15  0:38  SCV  
  15  0:40  Barracks  
  16  0:43  Refinery  
  16  0:50  SCV  
  16  0:53  Refinery  
  17  1:02  SCV  
  18  1:14  SCV  
  19  1:27  Orbital Command  
  19  1:32  Marine, Supply Depot  
  20  1:46  Factory  
  20  1:59  Barracks Reactor  
  20  2:03  SCV  
  21  2:20  SCV  
  21  2:22  Command Center  
  22  2:31  Factory Tech Lab  
  22  2:33  Starport  
  22  2:35  Marine  
  23  2:38  SCV  
  23  2:39  Marine  
  25  2:51  Cyclone  
  25  2:56  Marine  
  25  2:57  Marine  
  30  2:59  SCV  
  31  3:06  Supply Depot  
  31  3:22  Supply Depot  
  31  3:27  Marine x2, Medivac  
  31  3:32  Siege Tank  
  38  3:38  SCV  
  39  3:45  Marine x2  
  39  3:47  Refinery  
  41  3:52  SCV  
  41  3:55  Orbital Command  
  35  4:02  Viking  
  42  4:09  SCV  
  45  4:11  Marine  
  45  4:12  Marine  
  47  4:37  Marine x2  
  49  4:41  Siege Tank  
  49  4:43  Liberator  
  54  5:16  Siege Tank  
  54  5:17  Marine x2  
  59  5:26  Liberator  
  61  5:35  Marine  
  57  5:48  Siege Tank  
  56  6:00  Marine x2  
  61  6:18  Marine  
Tags
 
Add a new tag
Caveats
  • Supply blocks, unpowered buildings, or Contaminate may cause inaccurate times.
  • Supply counts are checked every 10 seconds.